[Event "Early-Titled-Tuesday-Blitz-April-23-2024"]
[Site "Chess.com"]
[Date "2024.04.23"]
[Round "7"]
[White "Evgeny81"]
[Black "Stanbad1"]
[Result "1-0"]
[WhiteElo "2790"]
[BlackElo "2641"]
[TimeControl "180+1"]
[EndTime "9:21:38 PDT"]
[Termination "Evgeny81 won on time"]

1. e4 e6 2. d4 d5 3. Nc3 Nf6 4. e5 Nfd7 5. Nce2 c5 6. c3 Nc6 7.
f4 b5 8. Nf3 b4 9. g3 a5 10. h4 cxd4 11. cxd4 Ba6 12. Bh3 Qb6 13. Be3 g6 14. h5 Rg8 15. Kf2 Be7 16. Rc1 O-O-O 17. hxg6 hxg6 18. Bg2 Rh8 19. Qd2 Kb7 20.
g4 Qb5 21. Ng3 Nb6 22. b3 Qd3 23. Qb2 g5 24. Rxh8 Rxh8 25. Bf1 Qg6 26. Bxa6+ Kxa6 27. Rxc6 gxf4 28. Bxf4 Qxg4 29. Qe2+ Kb7 30. Qb5 Bd8 31. Rxb6+ Bxb6 32. Qd7+ Bc7 33. Qxf7 a4 34. bxa4 Ra8 35.
Bg5 Rxa4 36. Bd8 Rxa2+ 37. Ne2 Rc2 38. Qd7 Qe4 39. Qb5+ Kc8 40. Bxc7 Kxc7 41. Qa5+ Kd7 42. Qa7+ Ke8 43. Qb8+ Ke7 44. Qxb4+ Ke8 45. Qb8+ Ke7 46.
Qd6+ Ke8 47. Qxe6+ Kd8 48. Qd6+ Ke8 49. Qe6+ Kd8 50.
Qb6+ Ke8 51. Qb5+ Kd8 52. Qa5+ Ke8 53. Qa8+ Ke7 54. Qb7+ Ke8 55. Qb8+ Ke7 56. Qd6+ Ke8 57. Qb8+ Ke7 58. Qb7+ Ke8 59. Qb5+ Ke7 60. Qb4+ Ke8 61. Qa4+ Ke7 62. Qa3+ Ke8 63. Qe3 Qg4 64. Ng1 Qh4+ 65. Kf1 Rb2 66. Kg2 Qg4+ 67. Kf1 Rb1+ 68. Kf2 Qh4+ 69. Qg3 Qe4 70. Qg8+ Ke7 71. Qg7+ Ke8 72. Qh8+ Ke7 73. Qf6+ Ke8 74. e6 Qh7 75. Qe5 Qd7 76. exd7+ 1-0

[Event "Early-Titled-Tuesday-Blitz-April-23-2024"]
[Site "Chess.com"]
[Date "2024.04.23"]
[Round "7"]
[White "MagnusCarlsen"]
[Black "Rud_Makarian"]
[Result "1-0"]
[WhiteElo "3223"]
[BlackElo "3028"]
[TimeControl "180+1"]
[EndTime "9:21:40 PDT"]
[Termination "MagnusCarlsen won by checkmate"]

1. e4 c5 2. Nf3 d6 3. Bc4 Nc6 4. O-O Nf6 5. d3 Bg4 6. h3 Bh5 7. Nbd2 e6 8. Re1 Be7 9. Nf1 O-O 10. Ng3 Bxf3 11. Qxf3 b5 12. Bb3 a5 13. c3 a4 14.
Bc2 b4 15. a3 b3 16. Bd1 d5 17. exd5 Nxd5 18. Ne4 Qd7 19. Qg3 Kh8 20. Nd2 Bd6 21. Qh4 Nf4 22. Re3 Ng6 23. Qh5 Bf4 24. Re1 Nce5 25.
Be2 Nxd3 26. Bxd3 Qxd3 27. Ne4 c4 28. Bxf4 Nxf4 29. Qg4 f5 30. Qxf4 fxe4 31. Qxe4 Rad8 32. Qxe6 h6 33. Re2 Rde8 34. Qxe8 Rxe8 35. Rxe8+ Kh7 36. Rae1 Qd2 37. R8e2 Qd3 38. Re3 Qd2 39. R1e2 Qd1+ 40. Kh2 Qd6+ 41. g3 Qd1 42. Kg2 Qd5+ 43. Re4 Qd1 44. g4 Kg6 45. h4 Kf7 46. h5 Kg8 47. Re8+ Kh7 48. R2e4 Qd5 49. Re5 Qd2 50. Re2 Qf4 51.
R5e4 Qf7 52. Rd4 Qb7+ 53. Ree4 Qc7 54. Rxc4 Qd7 55. Rcd4 Qb5 56. Rxa4 Qd3 57. Rab4 Qc2 58. Re3 Qxb2 59. c4 Qd4 60. c5 Qd5+ 61. Rf3 Qxc5 62.
Rbxb3 Qc4 63. Rb4 Qc5 64. Rbf4 Qb5 65. a4 Qa5 66. Re4 Kg8 67. Rfe3 Kh7 68. Rf3 Kg8 69. Re8+ Kh7 70. Rff8 Qd5+ 71. f3 Qd2+ 72. Kh3 g5 73.
Rf7# 1-0

[Event "Early-Titled-Tuesday-Blitz-April-23-2024"]
[Site "Chess.com"]
[Date "2024.04.23"]
[Round "7"]
[White "Veleamater"]
[Black "UmarovSabir"]
[Result "1-0"]
[WhiteElo "2448"]
[BlackElo "2295"]
[TimeControl "180+1"]
[EndTime "9:21:40 PDT"]
[Termination "Veleamater won by checkmate"]

1. g3 c6 2. Bg2 g6 3. d3 Bg7 4. Nf3 d5 5. O-O Nf6 6. Nc3 O-O 7. e4 Bg4 8. h3 Bxf3 9. Qxf3 e6 10. g4 Nbd7 11.
Qg3 Qb6 12. Kh1 dxe4 13. dxe4 e5 14. Rb1 Rad8 15. Be3 Qa6 16. Rfd1 b5 17. Bf1 Qb7 18. a4 a6 19. f4 exf4 20. Bxf4 Rfe8 21. e5 Nd5 22. Nxd5 cxd5 23. Bg2 Nxe5 24. a5 Nc4 25. b3 Nxa5 26. c4 Nc6 27. cxd5 Nd4 28. d6 Qd7 29. Rd2 Ne2 30. Rxe2 Rxe2 31. Rc1 Rc8 32. Rc7 Rxc7 33. dxc7 Qc8 34. Qf3 Rc2 35. Qb7 Qxb7 36. Bxb7 a5 37. c8=Q+ Rxc8 38. Bxc8 a4 39. bxa4 bxa4 40. Ba6 a3 41. Bc4 Bb2 42. Kg2 Kg7 43. Kf3 f6 44. Ke4 h5 45. gxh5 gxh5 46. Kf5 Bc3 47. Bd6 Bb2 48. Bc5 Bc1 49. Bd6 Bb2 50. Kf4 Bc1+ 51. Kg3 Bb2 52. Kh4 Kg6 53.
Ba2 f5 54. Kg3 Bc1 55. h4 f4+ 56. Kf3 Kf5 57. Bb1+ Ke6 58. Bf8 Kf7 59. Bh6 Kf6 60.
Ba2 Ke5 61. Bg7+ Kf5 62. Bd4 Kg6 63. Ke4 Bb2 64. Bc5 Bc1 65. Bd6 Kg7 66. Kf5 Kh8 67.
Bc5 Bb2 68. Kxf4 Kg7 69. Kg5 Kh8 70. Kxh5 Kg7 71. Kg5 Kh8 72. Kg6 Bc3 73. h5 Bb2 74. h6 Ba1 75. Bf8 Bb2 76. Bg7+ Bxg7 77. hxg7# 1-0

[Event "Early-Titled-Tuesday-Blitz-April-23-2024"]
[Site "Chess.com"]
[Date "2024.04.23"]
[Round "7"]
[White "Byniolus"]
[Black "littlepinkyboy"]
[Result "0-1"]
[WhiteElo "2826"]
[BlackElo "2681"]
[TimeControl "180+1"]
[EndTime "9:21:46 PDT"]
[Termination "littlepinkyboy won by resignation"]

1. d4 d5 2. Nf3 Nf6 3. Bf4 e6 4. Nbd2 c5 5. c3 Nc6 6. e3 Bd6 7. Bg3 O-O 8. Bd3 b6 9. Ne5 Bb7 10. f4 Rc8 11. O-O Ne7 12. Qb1 Rc7 13. Bh4 Ng6 14.
Bf2 Qa8 15. h3 Ne4 16. Qe1 f5 17. Nxg6 hxg6 18. Nf3 c4 19. Bxe4 dxe4 20. Ng5 Bd5 21. Kh2 Be7 22. Bh4 Bxg5 23. fxg5 Kf7 24. Bg3 Rcc8 25.
Be5 Qb7 26. g4 Rh8 27. Kg3 Rh7 28. h4 Qd7 29. Qf2 Rch8 30. h5 gxh5 31. gxf5 exf5 32.
Kh4 Kg6 33. b3 cxb3 34. axb3 Rf8 35. c4 f4 36. Qxf4 Rxf4+ 37. Rxf4 Be6 38. Rxe4 Rh8 39.
Rf1 Bf5 40. Ref4 Rf8 41. Kg3 Rf7 42. d5 Qe7 43. Bd4 Qxg5+ 44. Kh2 Kh7 45. Rg1 Qe7 46. Rgf1 Qg5 47. Rg1 Qe7 48. Rgf1 Qd7 49. e4 Bg6 50. e5 Rxf4 51. Rxf4 Bf5 52. e6 Bxe6 53. dxe6 Qxe6 54. Kg3 Qe1+ 55. Kf3 Qd1+ 56. Ke4 Qxb3 57. Kd5 b5 58. Be5 bxc4 59. Rxc4 Qb5+ 60. Rc5 Qd3+ 61. Ke6 a6 62. Rc7 Qg6+ 63. Kd5 h4 64. Rc4 Qg2+ 65. Kd6 g5 66.
Ke6 Kg6 67. Ke7 h3 68. Rc8 Kf5 69. Bd6 Qb7+ 70. Rc7 Qe4+ 71. Kf7 Qe6+ 72. Kg7 Qxd6 73. Rf7+ Kg4 0-1

[Event "Early-Titled-Tuesday-Blitz-April-23-2024"]
[Site "Chess.com"]
[Date "2024.04.23"]
[Round "7"]
[White "Jojo_898"]
[Black "NM_Antelacus"]
[Result "1-0"]
[WhiteElo "2436"]
[BlackElo "2261"]
[TimeControl "180+1"]
[EndTime "9:21:48 PDT"]
[Termination "Jojo_898 won on time"]

1. e4 c5 2. Nf3 Nc6 3. c3 Nf6 4. e5 Nd5 5. d4 cxd4 6. cxd4 g6 7. Nc3 Nxc3 8. bxc3 d5 9. exd6 Qxd6 10. Bd3 Bg7 11. O-O O-O 12. Bg5 b6 13. Qd2 Bb7 14. Rfe1 e6 15. Bh6 Rac8 16. Bxg7 Kxg7 17. Ng5 Na5 18.
Ne4 Qe7 19. Rac1 Nc4 20. Qf4 Bd5 21. Bxc4 Rxc4 22. Qe5+ f6 23. Qf4 Qc7 24. Qe3 Qc6 25.
Nd2 Ra4 26. f3 Bxa2 27. Qd3 Bc4 28. Nxc4 Rxc4 29. Qd2 Rc8 30. Re3 Qd5 31. Rce1 R8c6 32.
Qa2 a5 33. Qa3 Kf7 34. Rb1 Qd6 35. Qb3 a4 36. Qb5 Rxc3 37. Rxc3 Rxc3 38. Qxa4 Qc6 39.
Qa7+ Qc7 40. Qxc7+ Rxc7 41. Rxb6 Rc4 42. Rb7+ Ke8 43.
Rxh7 Rxd4 44. Rg7 g5 45. Kf2 Kf8 46. Ra7 Ke8 47. Kg3 Rd7 48. Ra6 Kf7 49. Ra8 Rd4 50. Ra7+ Kg6 51. Kf2 Rd3 52. Kg3 f5 53. Ra6 Kf6 54.
h3 Rd2 55. Kh2 f4 56. Ra8 Kf5 57. Rf8+ Kg6 58. Kg1 Kg7 59. Re8 Kf7 60. Ra8 Kf6 61. Ra5 e5 62. Ra8 Rc2 63. Rf8+ Ke6 64. Rg8 Kf6 65.
Rf8+ Kg7 66. Re8 Kf6 67. Rh8 Ke6 68. h4 gxh4 69. Rxh4 Kf5 70. Rh5+ Kf6 71. Kh2 Rc1 72. Rh6+ Kg5 73. Re6 Kf5 74. Re8 Kf6 75. Rf8+ Ke6 76.
Ra8 Kf5 77. Rf8+ Ke6 78. Kh3 Kd5 79. Kg4 Rg1 80. Rd8+ 1-0

[Event "Early-Titled-Tuesday-Blitz-April-23-2024"]
[Site "Chess.com"]
[Date "2024.04.23"]
[Round "7"]
[White "frederiksvane"]
[Black "LikeWater"]
[Result "1-0"]
[WhiteElo "3030"]
[BlackElo "2686"]
[TimeControl "180+1"]
[EndTime "9:21:49 PDT"]
[Termination "frederiksvane won by checkmate"]

1. b3 e5 2. Bb2 Nc6 3. c4 d5 4. cxd5 Qxd5 5. e3 Bf5 6. Nc3 Qd7 7. a3 O-O-O 8. Rc1 Nf6 9. b4 Kb8 10. Bb5 Bd3 11. Bxd3 Qxd3 12. Qe2 Qd7 13. Nh3 Nd4 14. Qd1 Nf3+ 15. gxf3 Qxh3 16. Qe2 Qg2 17. Rf1 Qxh2 18. Kd1 Qh3 19. Kc2 Qf5+ 20. d3 h5 21. Ne4 Nd5 22.
Kb1 f6 23. Rh1 h4 24. Qc2 Qxf3 25. d4 Qf5 26. dxe5 fxe5 27. Rcg1 Nf6 28. Ng5 Qxc2+ 29. Kxc2 Rh5 30. Bxe5 Rd5 31. f4 Bd6 32. Bxf6 gxf6 33. Ne4 Be7 34. Rh3 Kc8 35. Rg7 f5 36. Nc3 Rd7 37.
Rg8+ Bd8 38. Nb5 a6 39. Nd4 Rf7 40. Kd3 Kd7 41. Rg6 Be7 42. Rg1 Bd6 43. Ke2 c6 44.
Kf3 Rh8 45. Rgh1 Be7 46. Rd1 Kc7 47. Rg1 Rh5 48. Rg6 Bf6 49. Ne6+ Kd7 50. Nc5+ Kc7 51. Rg1 b6 52. Nd3 Kd6 53. Rd1 Kc7 54. Nf2 Rd7 55. Rg1 Rd2 56. Rg6 Rd6 57. Rg8 Bd8 58. Rf8 Rd7 59.
Ke2 Rd6 60. Nd3 Bf6 61. Rf7+ Kc8 62. Ne1 a5 63. bxa5 bxa5 64. Nd3 Bd8 65. Rf8 Rh7 66.
Ne5 Rb7 67. Rxh4 Rb2+ 68. Kf3 Rb3 69. Rhh8 Rxa3 70. Nf7 Re6 71. Rxd8+ Kc7 72. Ne5 Re7 73. Rc8+ Kb6 74. Rxc6+ Kb5 75. Rb8+ Ka4 76. Rc4# 1-0

[Event "Early-Titled-Tuesday-Blitz-April-23-2024"]
[Site "Chess.com"]
[Date "2024.04.23"]
[Round "7"]
[White "bintang_top"]
[Black "hongnhung1234"]
[Result "1/2-1/2"]
[WhiteElo "2395"]
[BlackElo "2551"]
[TimeControl "180+1"]
[EndTime "9:21:49 PDT"]
[Termination "Game drawn - insufficient material"]

1. d4 f5 2. Nf3 Nf6 3. Bf4 g6 4. h3 d6 5. e3 Bg7 6. Bc4 e6 7.
Nbd2 Qe7 8. Bh2 Nc6 9. c3 Bd7 10. Qe2 a6 11. O-O O-O 12. Bb3 h6 13. e4 Kh7 14. exf5 exf5 15. Qxe7 Nxe7 16. Rfe1 Rae8 17. Nc4 Bc6 18. Nxd6 cxd6 19. Bxd6 Ne4 20. Ba3 Rf6 21. Ne5 Nc8 22. Nxc6 Rxc6 23. Bd5 Rc7 24. Re2 Nf6 25.
Rxe8 Nxe8 26. Re1 Nf6 27. Bf3 Nb6 28. Bc5 Na4 29. Bd6 Rd7 30. Ba3 b5 31. Re6 Ra7 32. c4 bxc4 33. Bd1 Nxb2 34. Bxb2 Nd5 35. Bf3 c3 36. Bc1 Nb4 37. a3 Nd3 38. Be3 Rc7 39. Be2 f4 40. Bxd3 fxe3 41. Bxg6+ Kg8 42. Bc2 exf2+ 43.
Kxf2 Bxd4+ 44. Ke2 Kf7 45. Rxh6 a5 46. Rh7+ Bg7 47.
Rh5 Re7+ 48. Kd1 Rd7+ 49. Kc1 Rd2 50. Rf5+ Ke6 51. Rxa5 Rxg2 52. Ra6+ Ke5 53. Rg6 Rxg6 54. Bxg6 Kd4 55. Kc2 Bf6 56. a4 Bd8 57. Be8 Ba5 58.
Kb3 Ke3 59. Bg6 Kf4 60. h4 Kg4 61. h5 Kg5 62. Kc4 c2 63. Bxc2 Kxh5 64. Kb5 Bc3 65. a5 Bxa5 1/2-1/2

[Event "Early-Titled-Tuesday-Blitz-April-23-2024"]
[Site "Chess.com"]
[Date "2024.04.23"]
[Round "7"]
[White "Nf3c5"]
[Black "CSB7"]
[Result "0-1"]
[WhiteElo "2652"]
[BlackElo "2809"]
[TimeControl "180+1"]
[EndTime "9:21:56 PDT"]
[Termination "CSB7 won on time"]

1. e4 c6 2. d4 d5 3. exd5 cxd5 4. Bd3 Nc6 5. c3 Nf6 6. Bf4 g6 7. Nf3 Bf5 8. Be2 Bg7 9. O-O O-O 10. Nbd2 Ne4 11. Re1 Qd7 12. h3 h6 13. Nb3 g5 14.
Bh2 Bh7 15. Nfd2 b6 16. Nxe4 Bxe4 17. Bg4 f5 18. Bh5 f4 19. f3 Bf5 20. Nc1 e5 21.
dxe5 Nxe5 22. Bg4 Bxg4 23. hxg4 Nc4 24. Nd3 Rfe8 25. Qb3 Rxe1+ 26. Rxe1 Re8 27. Kf2 b5 28. g3 d4 29. Nc5 Qc6 30. Ne4 dxc3 31. bxc3 fxg3+ 32. Bxg3 Kh8 33. Qb4 a5 34. Qb3 Rf8 35. Kg2 Qb6 36. Bf2 Qb7 37. Qd1 Qf7 38. Qe2 Ne5 39. Nd2 a4 40. Bg3 Ng6 41. Ne4 Nf4+ 42. Bxf4 Qxf4 43.
Rh1 Kg8 44. Rd1 Kh7 45. Rd7 Rf7 46. Rd5 Kg8 47. Qd3 Be5 48. Rd8+ Kg7 49. Qe2 Qh2+ 50. Kf1 Qh1+ 51. Kf2 Qh2+ 52. Kf1 Qh1+ 53. Kf2 Bh2 54.
Ke3 Bf4+ 55. Kd3 Qb1+ 56. Qc2 Qf1+ 57. Qe2 Qb1+ 58. Qc2 Qg1 59. Qe2 Qa1 60. Qc2 b4 61. cxb4 Qf1+ 62. Qe2 Qb1+ 63. Qc2 Qxb4 64. Qc3+ Qxc3+ 65. Kxc3 Be5+ 66. Kc4 Rxf3 67. Rd7+ Rf7 68. Rd5 Bb2 69.
Nc5 a3 70. Kb3 Rf3+ 71. Kb4 Rf4+ 72. Kb5 Rxg4 73. Ne6+ Kf7 74. Nc5 h5 75. Rd7+ Kg6 76.
Rd6+ Kf5 77. Rd5+ Kf4 78. Ne6+ Kg3 79. Nxg5 h4 80. Rd3+ Kg2 81. Nf3 h3 82. Ne1+ Kh2 83. Nf3+ Kh1 84. Rd1+ Kg2 0-1

[Event "Early-Titled-Tuesday-Blitz-April-23-2024"]
[Site "Chess.com"]
[Date "2024.04.23"]
[Round "7"]
[White "platy3"]
[Black "Grischuk"]
[Result "1/2-1/2"]
[WhiteElo "2898"]
[BlackElo "3067"]
[TimeControl "180+1"]
[EndTime "9:21:58 PDT"]
[Termination "Game drawn - insufficient material"]

1. e4 e5 2. Nf3 Nc6 3. Bc4 Nf6 4. d3 Be7 5. O-O O-O 6. a4 d5 7. exd5 Nxd5 8. Re1 Nb6 9. Bb3 Bg4 10. c3 Nd7 11.
h3 Bh5 12. Bc2 a5 13. Nbd2 Kh8 14. Ne4 Nc5 15. Be3 Nxe4 16. dxe4 Bd6 17. Bb3 Qe7 18. Bd5 Nd8 19. g4 Bg6 20. Bg5 f6 21. Be3 c6 22.
Bc4 Bf7 23. Qb3 Bxc4 24. Qxc4 Ne6 25. Red1 Bc5 26. Bxc5 Nxc5 27. Rd2 Rfd8 28. Rad1 Rxd2 29. Rxd2 Ne6 30. Kh2 g6 31. h4 Kg7 32. Kg3 h5 33. gxh5 gxh5 34. Kh2 Nf4 35. Rd1 Rd8 36. Rg1+ Kh6 37.
Rg8 b5 38. axb5 cxb5 39. Qa2 Qe6 40. Qxe6 Nxe6 41. Rxd8 Nxd8 42. Nd2 Ne6 43. Kg3 Kg6 44. Kf3 a4 45. Ke3 Nf4 46. Nf3 Kf7 47. Kd2 Ke6 48.
Kc2 Kd6 49. b3 Kc5 50. b4+ Kd6 51. Nd2 Ng2 52. Nf3 Nf4 53. Nd2 Ng2 54. Nf3 Kc6 55. Kd3 Kb6 56. Kc2 Kc7 57. Kb2 Kc6 58. Ka3 Nf4 59.
Nd2 Nd3 60. Nf3 Nxf2 61. Nd2 Nd3 62. c4 Nf4 63. cxb5+ Kxb5 64. Nb1 Ng2 65. Nc3+ Kc6 66. Kxa4 Nxh4 67. b5+ Kb7 68. Ka5 Nf3 69. b6 h4 70.
Na4 Nd4 71. Nc5+ Kc6 72. Nd3 Kd6 73. b7 Nc6+ 74. Kb6 h3 75. Nb4 Nb8 76. Nd3 h2 77.
Nf2 Nd7+ 78. Ka6 Kc7 79. Ka7 Nb8 80. Ka8 Nc6 81. Nh1 Kb6 82. Ng3 Kc5 83. b8=Q Nxb8 84.
Kxb8 Kd4 85. Kc7 Ke3 86. Nf1+ Kxe4 87. Nxh2 f5 88. Kd6 f4 89. Ke6 f3 90. Nxf3 Kxf3 91. Kxe5 1/2-1/2

[Event "Early-Titled-Tuesday-Blitz-April-23-2024"]
[Site "Chess.com"]
[Date "2024.04.23"]
[Round "7"]
[White "Zurability"]
[Black "MVM2008"]
[Result "1-0"]
[WhiteElo "2743"]
[BlackElo "2512"]
[TimeControl "180+1"]
[EndTime "9:22:00 PDT"]
[Termination "Zurability won by resignation"]

1. Nf3 Nc6 2. e4 e5 3. Bc4 Nf6 4. d3 Bc5 5. c3 d6 6. a4 a6 7. h3 h6 8. Nbd2 g5 9. Nf1 g4 10. hxg4 Nxg4 11. d4 exd4 12. cxd4 Nxd4 13. Nxd4 Qf6 14.
Be3 Bb4+ 15. Ke2 c5 16. Nc2 Ne5 17. Nxb4 Bg4+ 18. f3 Nxf3 19. Qc1 cxb4 20. Bf4 Nd4+ 21. Ke3 b3 22. Bd3 Rc8 23. Qd2 Qd8 24. Qb4 Nc6 25. Qxd6 Qb6+ 26. Kd2 Qf2+ 27. Kc3 Ne5+ 28. Kxb3 Nxd3 29.
Qxd3 Be6+ 30. Ka3 Qxf4 31. Ne3 Qe5 32. Rac1 Ke7 33. Nd5+ Bxd5 34. exd5 Qd6+ 35. Ka2 Rxc1 36. Rxc1 Rd8 37. Re1+ Kf8 38. Qd4 Qxd5+ 39. Qxd5 Rxd5 40. Rc1 Rd7 41. Rc5 Kg7 42. a5 Kg6 43. b4 f5 44.
b5 axb5 45. Rxb5 Kg5 46. Rb4 f4 47. Ka3 Kg4 48. Rb6 h5 49. Rg6+ Kf5 50. Rg8 Ke4 51. Kb4 Ke3 52. Rh8 Rf7 53. Rxh5 Kf2 54. Rg5 Re7 55. Kb5 Rf7 56. Kb6 Re7 57. Rg4 Ke3 58.
Rg6 Rf7 59. Rg4 Ke4 60. g3 Ke5 61. Rxf4 Rg7 62. Rf3 Kd4 63. Rb3 Kc4 64. Rf3 Kb4 65. Rf4+ Kc3 66. g4 Kd3 67. Rb4 Kc3 68. Ra4 Kb3 69.
Rf4 Kc3 70. Re4 Kd3 71. Re8 Kc3 72. Rc8+ Kb4 73. Rc7 Rg6+ 74. Kxb7 Kxa5 75. Rc4 Kb5 76. Re4 Rg7+ 77. Kc8 Kc6 78. Kd8 Kd5 79. Ra4 Rg8+ 80. Ke7 Rg7+ 81. Kf6 Rg8 82. g5 Rf8+ 83. Ke7 Rg8 84.
Kf6 Rf8+ 85. Kg7 Rf1 86. g6 Ke6 87. Ra2 Re1 88. Rf2 Rg1 89. Kh7 Rh1+ 90. Kg8 Rh2 91. Rxh2 1-0

[Event "Early-Titled-Tuesday-Blitz-April-23-2024"]
[Site "Chess.com"]
[Date "2024.04.23"]
[Round "7"]
[White "Javadovvv"]
[Black "Kimkibo"]
[Result "1-0"]
[WhiteElo "2656"]
[BlackElo "2430"]
[TimeControl "180+1"]
[EndTime "9:22:07 PDT"]
[Termination "Javadovvv won by resignation"]

1. d4 d5 2. Nf3 Nf6 3. Bf4 c5 4. e3 Nc6 5. c3 Qb6 6. Qc2 cxd4 7. exd4 Bf5 8. Qb3 e6 9. Nbd2 h6 10. h3 Be7 11. Be2 O-O 12. O-O Rfc8 13. Rfe1 Qd8 14. a4 Na5 15. Qd1 a6 16. Ne5 Bh7 17. Bf1 Bd6 18. Bh2 Qb6 19. b4 Nc6 20. f4 Ne4 21.
Nxe4 dxe4 22. Nd7 Qc7 23. Ne5 Bxe5 24. fxe5 Ne7 25. c4 Qb6 26. Rb1 Rd8 27. c5 Qc7 28.
Kh1 Qd7 29. Bg1 Nf5 30. Rb2 Qd5 31. b5 axb5 32. axb5 Ra3 33. Qg4 Nxd4 34. Rd2 Qxe5 35. Red1 Rd3 36. Bxd3 exd3 37. Rxd3 Bxd3 38. Rxd3 Qxc5 39.
Rxd4 Rxd4 40. Bxd4 Qc1+ 41. Kh2 g6 42. Qe4 Qc7+ 43.
Qe5 Qxe5+ 44. Bxe5 Kf8 45. Kg3 Ke7 46. Kf3 f6 47.
Bb8 e5 48. Ke4 Ke6 49. Bc7 f5+ 50. Ke3 Kd5 51. g3 g5 52. Bd8 f4+ 53. gxf4 gxf4+ 54. Kf3 h5 55. Bf6 Ke6 56. Bh8 Kf5 57. Ke2 e4 58. Bd4 Ke6 59. Ba7 Ke5 60. Bb8+ Kf5 61. Bc7 Kg5 62. Kf2 Kf5 63. Bd6 Kg5 64. b6 Kf5 65. Ke2 Kg5 66. Kd2 Kf5 67. Kc3 e3 68.
Kd3 Kg5 69. Ke2 Kh4 70. Bxf4 Kxh3 71. Kxe3 Kg2 72. Kd4 h4 73. Kc5 h3 74. Kd6 Kf3 75. Be5 Kg2 76. Kc7 h2 77. Bxh2 Kxh2 78. Kxb7 Kg3 79.
Kc7 1-0

[Event "Early-Titled-Tuesday-Blitz-April-23-2024"]
[Site "Chess.com"]
[Date "2024.04.23"]
[Round "7"]
[White "MFatigue"]
[Black "Doublekk14"]
[Result "1-0"]
[WhiteElo "2556"]
[BlackElo "2375"]
[TimeControl "180+1"]
[EndTime "9:22:13 PDT"]
[Termination "MFatigue won on time"]

1. e4 c5 2. a3 d5 3. exd5 Qxd5 4. Nc3 Qd8 5. Nf3 Nc6 6. Bb5 Bd7 7. Ne4 e6 8. O-O Nf6 9. d3 a6 10. Bxc6 Bxc6 11. Qe2 h6 12. Ne5 Bxe4 13. dxe4 Bd6 14. Nc4 Bc7 15. Rd1 Qe7 16. a4 b6 17. Be3 O-O 18. b4 Nxe4 19. Qf3 Nc3 20. Rd3 Nd5 21. bxc5 bxc5 22. Qg4 Qf6 23. Rf1 Rad8 24. Bxc5 Rfe8 25. Rf3 Qg5 26. Qxg5 hxg5 27. Rb1 Rb8 28. Rfb3 Rxb3 29. cxb3 a5 30. Nd6 Bxd6 31. Bxd6 Rc8 32. f3 Rc6 33. Bg3 Rb6 34. Be1 Nb4 35. Bxb4 Rxb4 36. Kf2 Kf8 37.
Ke3 Ke7 38. Kd3 g4 39. fxg4 Rxg4 40. g3 Rb4 41. Kc3 e5 42. Rd1 Ke6 43. Rd8 f5 44.
Ra8 f4 45. gxf4 exf4 46. Rxa5 f3 47. Ra6+ Ke7 48. Ra7+ Ke6 49. Ra6+ Ke5 50. Ra5+ Ke4 51. Kxb4 f2 52. Ra8 f1=Q 53. Re8+ Kd4 54. Rd8+ Ke5 55.
Re8+ Kd6 56. Rd8+ Kc7 57. Rd4 Qf8+ 58. Kc3 Qf6 59. h4 Kb6 60. b4 Kc6 61. Kc4 Qe6+ 62. Kc3 Kb6 63. Rc4 Kb7 64. Kd3 Qd5+ 65. Kc3 Qf3+ 66.
Kc2 Qe2+ 67. Kc3 Qe3+ 68. Kc2 Qe8 69. a5 Qb5 70. Kc3 Qd7 71. Kb3 Ka6 72. Rc5 Qd4 73. h5 Qd3+ 74. Kb2 Qd2+ 75. Kb3 Qe3+ 76. Kc4 Qe7 77.
Kc3 Kb7 78. Rb5+ Kc6 79. Rb6+ Kd5 80. Kb3 Ke4 81. a6 Qf7+ 82. Ka4 Qxh5 83. a7 Qe8+ 84.
b5 g5 85. Rb8 1-0

[Event "Early-Titled-Tuesday-Blitz-April-23-2024"]
[Site "Chess.com"]
[Date "2024.04.23"]
[Round "7"]
[White "blitzking1729"]
[Black "KuzubovYuriy"]
[Result "1/2-1/2"]
[WhiteElo "2769"]
[BlackElo "2925"]
[TimeControl "180+1"]
[EndTime "9:22:19 PDT"]
[Termination "Game drawn by repetition"]

1. c4 e6 2. Nf3 Nf6 3. e3 d5 4.
Nc3 Be7 5. b3 b6 6. Bb2 Bb7 7.
cxd5 exd5 8. g3 d4 9. exd4 Nc6 10. d5 Nxd5 11. Bc4 Nxc3 12. Bxc3 O-O 13. O-O Bf6 14.
Rc1 Re8 15. d4 Qd6 16. Qd2 Rad8 17. Rfd1 Ne7 18. Bb4 c5 19. dxc5 Qb8 20. Qe2 Nd5 21.
Qxe8+ Rxe8 22. Bxd5 Bxd5 23. Rxd5 bxc5 24. Bxc5 Qb7 25. Rcd1 h6 26. Be3 Rc8 27. Kg2 Rc2 28. R5d2 Rxd2 29. Rxd2 g5 30. h3 h5 31. g4 Qe4 32. Kg3 h4+ 33. Kg2 a5 34. Rd7 Be7 35. Rc7 f6 36. Rc4 Qd5 37. Rd4 Qb7 38. Rc4 Kf7 39. Rd4 Bc5 40. Rd3 Bb4 41. Bd2 Qe4 42. Re3 Qd5 43. Bxb4 axb4 44. Re2 Kg6 45. Rd2 Qc6 46.
Rd4 Qb7 47. Rc4 Qa8 48. Rxb4 Qxa2 49. Rb6 Qa8 50. b4 Qe4 51. b5 Kf7 52. Rc6 Ke7 53. Rc3 Qd5 54. b6 Kd8 55. Re3 Kc8 56. Re2 Kb7 57.
Rd2 Qc6 58. Rd4 Kxb6 59. Rd2 Qe4 60. Rb2+ Kc7 61. Rd2 Kc8 62. Rd4 Qb7 63. Rd2 Qc6 64. Rd4 Qe6 65. Rd2 Kc7 66. Rd4 Kb6 67. Rd2 Kc5 68. Rd4 Qc6 69. Rd2 Qa8 70. Rd4 Qxf3+ 71. Kxf3 Kxd4 72. Ke2 Ke4 73. f3+ Kf4 74. Kf2 f5 75. gxf5 Kxf5 76. Ke3 Ke5 77. Ke2 Kd5 78. Kd3 Ke5 79. Ke3 Kf5 80. Ke2 Ke6 81. Ke3 Ke5 82. Ke2 Kd6 83. Kd2 Kd5 84. Kd3 Ke5 85. Ke3 Kf5 86. Ke2 Kf4 87. Kf2 Ke5 88. Ke3 1/2-1/2

[Event "Early-Titled-Tuesday-Blitz-April-23-2024"]
[Site "Chess.com"]
[Date "2024.04.23"]
[Round "7"]
[White "KononenkoD"]
[Black "Lady_Nika"]
[Result "0-1"]
[WhiteElo "2595"]
[BlackElo "2475"]
[TimeControl "180+1"]
[EndTime "9:22:19 PDT"]
[Termination "Lady_Nika won by checkmate"]

1. e4 c5 2. Nf3 Nc6 3. d4 cxd4 4.
Nxd4 e6 5. Nc3 a6 6. Bc4 Qc7 7. Bb3 Nf6 8. O-O Nxd4 9. Qxd4 Bc5 10. Qd3 O-O 11. h3 b5 12. Bg5 Bb7 13. Bxf6 gxf6 14. Kh1 Kh8 15. Rad1 d6 16. f4 Rg8 17. Qf3 f5 18. Qe2 Rg3 19. Rf3 Rxf3 20. Qxf3 b4 21.
Nd5 exd5 22. Bxd5 Bxd5 23. Rxd5 fxe4 24. Qxe4 Rg8 25. Rf5 Qd7 26. Qd5 Qe6 27. Qxe6 fxe6 28. Rf7 Re8 29. Rc7 e5 30. fxe5 Rxe5 31. Rc6 a5 32.
Ra6 Bf2 33. g4 Rd5 34. b3 Bd4 35. Kg2 Be5 36. Kf3 Rc5 37. Ke4 Kg7 38. h4 Rxc2 39. Rxa5 Rf2 40. Ra7+ Kh6 41. g5+ Kg6 42. h5+ Kxh5 43. Rxh7+ Kxg5 44. Rb7 Kg4 45. Kd5 Rf4 46.
Ke6 Kf3 47. Ra7 Ke3 48. a4 bxa3 49. Rxa3 Kd3 50. Kd5 Rd4+ 51. Kc6 Kc3 52. Kb5 Rb4+ 53. Kc6 Rxb3 54. Ra1 Kb4 55. Rd1 Rc3+ 56. Kd5 Rc5+ 57. Ke6 Kb5 58. Rb1+ Kc6 59. Rb8 Bg3 60. Rg8 Re5+ 61.
Kf6 Re3 62. Rc8+ Kd5 63. Kf5 Kd4 64. Kg4 d5 65. Ra8 Be5 66. Ra4+ Kc5 67. Kf5 Bc3 68. Kf4 d4 69. Ra8 Re1 70. Rc8+ Kb4 71. Rd8 Kb3 72. Kf3 Kc2 73. Kf2 Re6 74. Rc8 d3 75. Rd8 d2 76.
Ra8 d1=Q 77. Ra2+ Bb2 78. Rxb2+ Kxb2 79. Kg2 Qe2+ 80. Kg3 Qe3+ 81. Kh4 Rh6+ 82. Kg4 Qe4+ 83. Kg5 Qh4+ 84. Kf5 Rf6+ 85. Ke5 Qf4+ 86. Kd5 Rd6+ 87. Kc5 Qd4+ 88. Kb5 Rb6+ 89. Ka5 Qb4# 0-1

[Event "Early-Titled-Tuesday-Blitz-April-23-2024"]
[Site "Chess.com"]
[Date "2024.04.23"]
[Round "7"]
[White "EddieMarsalla"]
[Black "PeshkaCh"]
[Result "1-0"]
[WhiteElo "2668"]
[BlackElo "2869"]
[TimeControl "180+1"]
[EndTime "9:22:39 PDT"]
[Termination "EddieMarsalla won by checkmate"]

1. d4 Nf6 2. Bf4 c5 3. e3 b6 4. c3 Bb7 5. Nd2 d6 6. Ngf3 Nbd7 7. Bc4 g6 8. O-O Bg7 9. Qe2 O-O 10. h3 a6 11. a4 Qc7 12. Rfe1 e5 13. dxe5 Nxe5 14. Nxe5 dxe5 15. Bh2 Nd7 16. Rad1 h6 17. Qg4 Kh7 18. e4 Nf6 19. Qe2 Rfd8 20. f3 Nh5 21. Nf1 Bc6 22. b3 Nf4 23. Bxf4 exf4 24. Bxa6 Bxc3 25. Rxd8 Rxd8 26. Rd1 Bd4+ 27. Kh1 Qe5 28. Bb5 Bb7 29. Ba6 Ba8 30. Nd2 Qh5 31. Nc4 Rb8 32. Qd2 Qg5 33. Nd6 Qf6 34. Nc4 Bc6 35. Qe2 Qh4 36. Nd6 Bd7 37. Qf1 Qf6 38. Nb5 Bxb5 39. Bxb5 h5 40.
Qc4 Kg7 41. Qd5 Rd8 42. Qc6 Rd6 43. Qc7 g5 44. Bc4 g4 45. Bxf7 Kh6 46. Bd5 gxf3 47. gxf3 Rxd5 48. exd5 Qh4 49. Qd6+ Kh7 50. Qd7+ Kh8 51.
Qe8+ Kh7 52. Qf7+ Kh8 53. Qf8+ Kh7 54. Qf5+ Kh8 55. d6 Qf2 56. Qxh5+ Kg7 57. Qg4+ Kh7 58. d7 Qe2 59. Qf5+ Kg7 60. Qg5+ Kh7 61. Qh5+ Kg7 62. Rg1+ Bxg1 63. Qg5+ Kh7 64. Qf5+ Kg7 65. Qg4+ Kh7 66. Qh4+ Kg7 67. Qg4+ Kh7 68. Kxg1 Qe1+ 69. Kh2 Qd2+ 70.
Qg2 Qxd7 71. Qc2+ Kh8 72. Qf2 Qd3 73. Qh4+ Kg8 74. Qxf4 Qxb3 75. Qg4+ Kf8 76. Qf4+ Kg8 77. h4 c4 78. Qg5+ Kf8 79. Qf5+ Kg8 80. Qd5+ Kf8 81. Qf5+ Kg8 82. Qe6+ Kf8 83. h5 Qb2+ 84. Kg3 c3 85.
Qf6+ Ke8 86. h6 Qc2 87. Qe6+ Kf8 88. Qf6+ Ke8 89. Qe5+ Kd8 90. Qd4+ Ke8 91. Qh8+ Kd7 92. Qg7+ Kc6 93. h7 Qc1 94. Qf6+ Kb7 95. h8=Q Qg1+ 96.
Kf4 c2 97. Qhg7+ Ka6 98. Qxg1 c1=Q+ 99. Qxc1 Ka5 100. Qd2+ Kxa4 101. Qfd4+ Kb5 102. Q2b4+ Kc6 103. Qbxb6# 1-0